3A
LOUISIANA DRAGOONS @ BELLEVUE BRUINS
08/21/2032
 
TOP OF THE 1ST
Louisiana Dragoons batting - Pitching for Bellevue Bruins : RHP Aldo Raine
Pitching: RHP Aldo Raine
Batting: LHB Carlos Barrera 0-0: Called Strike
0-1: Ball
1-1: Called Strike
1-2: Strikes out swinging
Batting: RHB Mike Printup 0-0: Foul Ball, location: 2F
0-1: Bunted foul
0-2: Fly out, F7 (Flyball, 78XD)
Batting: RHB Pat Lloyd 0-0: Ball
1-0: Ball
2-0: Swinging Strike
2-1: Swinging Strike
2-2: Foul Ball, location: 2F
2-2: Strikes out swinging
Top of the 1st over - 0 runs, 0 hits, 0 errors, 0 left on base; Louisiana 0 - Bellevue 0
BOTTOM OF THE 1ST
Bellevue Bruins batting - Pitching for Louisiana Dragoons : LHP Anederea Iukekini
Pitching: LHP Anederea Iukekini
Batting: LHB David Muller 0-0: Called Strike
0-1: Ball
1-1: Swinging Strike
1-2: Strikes out looking
Batting: LHB Spencer Powell 0-0: Fly out, F9 (Flyball, 89M)
Batting: RHB Ryan Faulkner 0-0: Ball
1-0: SINGLE (Groundball, 23) (infield hit)
Batting: RHB Oki Hai 0-0: Called Strike
0-1: Foul Ball, location: 2F
0-2: Ball
Ryan Faulkner is caught stealing 2nd base
Bottom of the 1st over - 0 runs, 1 hit, 0 errors, 0 left on base; Louisiana 0 - Bellevue 0
TOP OF THE 2ND
Louisiana Dragoons batting - Pitching for Bellevue Bruins : RHP Aldo Raine
Batting: LHB Ken Gill 0-0: Ball
1-0: Ball
2-0: Called Strike
2-1: Foul Ball, location: 2F
2-2: Ball
3-2: Foul Ball, location: 2F
3-2: Base on Balls
Batting: SHB Francisco Enríquez 0-0: Ball
1-0: Grounds into double play, 5-4-3 (Groundball, 56)
Batting: RHB Hang-ki Chung 0-0: SINGLE (Line Drive, 8LS)
Batting: LHB António Candelária 0-0: Called Strike
0-1: Called Strike
Hang-ki Chung steals 2nd base
0-2: Ball
1-2: Ground out U3 (Groundball, 34S)
Top of the 2nd over - 0 runs, 1 hit, 0 errors, 1 left on base; Louisiana 0 - Bellevue 0
BOTTOM OF THE 2ND
Bellevue Bruins batting - Pitching for Louisiana Dragoons : LHP Anederea Iukekini
Batting: RHB Oki Hai 0-0: Ball
1-0: Called Strike
1-1: Called Strike
1-2: Ball
2-2: Ball
3-2: Base on Balls
Batting: SHB Julián Valentín 0-0: Foul Ball, location: 2F
0-1: Ball
1-1: Grounds into double play, 4-6-3 (Groundball, 4M)
Batting: RHB Todd Albrecht 0-0: Ball
1-0: SINGLE (Line Drive, 7S)
Batting: LHB José Vázquez 0-0: Fly out, F9 (Flyball, 9)
Bottom of the 2nd over - 0 runs, 1 hit, 0 errors, 1 left on base; Louisiana 0 - Bellevue 0
TOP OF THE 3RD
Louisiana Dragoons batting - Pitching for Bellevue Bruins : RHP Aldo Raine
Batting: RHB Min-gook Ch'oe 0-0: Ball
1-0: Foul Ball, location: 2F
1-1: Ball
2-1: Ball
3-1: Swinging Strike
3-2: Foul Ball, location: 2F
3-2: Fly out, F5 (Popup, 5SF)
Batting: RHB Carlos Amaya 0-0: Called Strike
0-1: Ground out 6-3 (Groundball, 6)
Batting: LHB Carlos Barrera 0-0: Ball
1-0: Foul Ball, location: 2F
1-1: Swinging Strike
1-2: Ball
2-2: Strikes out swinging
Top of the 3rd over - 0 runs, 0 hits, 0 errors, 0 left on base; Louisiana 0 - Bellevue 0
BOTTOM OF THE 3RD
Bellevue Bruins batting - Pitching for Louisiana Dragoons : LHP Anederea Iukekini
Batting: LHB Jorge Corella 0-0: Fly out, F7 (Flyball, 7)
Batting: SHB Jin-yong Ch'oe 0-0: Called Strike
0-1: Ball
1-1: Ball
2-1: Swinging Strike
2-2: Strikes out swinging
Batting: LHB David Muller 0-0: Ball
1-0: Ball
2-0: Called Strike
2-1: Called Strike
2-2: Foul Ball, location: 2F
2-2: Foul Ball, location: 2F
2-2: Ball
3-2: Fly out, F7 (Flyball, 78D)
Bottom of the 3rd over - 0 runs, 0 hits, 0 errors, 0 left on base; Louisiana 0 - Bellevue 0
TOP OF THE 4TH
Louisiana Dragoons batting - Pitching for Bellevue Bruins : RHP Aldo Raine
Batting: RHB Mike Printup 0-0: Swinging Strike
0-1: Ground out 1-3 (Groundball, 13)
Batting: RHB Pat Lloyd 0-0: Foul Ball, location: 2F
0-1: Ball
1-1: Ball
2-1: Ball
3-1: Base on Balls
Batting: LHB Ken Gill 0-0: Called Strike
0-1: Ball
1-1: Ball
2-1: Ball
3-1: Foul Ball, location: 2F
3-2: Base on Balls
Pat Lloyd to second
Batting: SHB Francisco Enríquez 0-0: Foul Ball, location: 2F
0-1: Fly out, F7 (Flyball, 7)
Batting: RHB Hang-ki Chung 0-0: Ball
1-0: Called Strike
1-1: Ball
2-1: Swinging Strike
Passed Ball!
Pat Lloyd to third
Ken Gill to second
2-2: Strikes out swinging
Top of the 4th over - 0 runs, 0 hits, 0 errors, 2 left on base; Louisiana 0 - Bellevue 0
BOTTOM OF THE 4TH
Bellevue Bruins batting - Pitching for Louisiana Dragoons : LHP Anederea Iukekini
Batting: LHB Spencer Powell 0-0: Ball
1-0: SINGLE (Line Drive, 56D)
Batting: RHB Ryan Faulkner 0-0: Ball
1-0: Ball
2-0: Ball
3-0: Base on Balls
Spencer Powell to second
Batting: RHB Oki Hai 0-0: Ball
1-0: Called Strike
1-1: Fly out, F7 (Flyball, 78S)
Batting: SHB Julián Valentín 0-0: Ball
1-0: Fly out, F9 (Flyball, 9S)
Batting: RHB Todd Albrecht 0-0: Ball
1-0: Ball
2-0: Ball
3-0: Called Strike
3-1: Fielders Choice at 2nd, 6-4 (Groundball, 6)
Bottom of the 4th over - 0 runs, 1 hit, 0 errors, 2 left on base; Louisiana 0 - Bellevue 0
TOP OF THE 5TH
Louisiana Dragoons batting - Pitching for Bellevue Bruins : RHP Aldo Raine
Batting: LHB António Candelária 0-0: Foul Ball, location: 2F
0-1: Called Strike
0-2: Ball
1-2: Strikes out swinging
Batting: RHB Min-gook Ch'oe 0-0: Swinging Strike
0-1: Foul Ball, location: 2F
0-2: Ground out U3 (Groundball, 3S)
Batting: RHB Carlos Amaya 0-0: Swinging Strike
0-1: Fly out, F9 (Line Drive, 9S)
Top of the 5th over - 0 runs, 0 hits, 0 errors, 0 left on base; Louisiana 0 - Bellevue 0
BOTTOM OF THE 5TH
Bellevue Bruins batting - Pitching for Louisiana Dragoons : LHP Anederea Iukekini
Batting: LHB José Vázquez 0-0: Foul Ball, location: 2F
0-1: Ball
1-1: Ball
2-1: Foul Ball, location: 2F
2-2: Foul Ball, location: 2F
2-2: SINGLE (Groundball, 34D)
Batting: LHB Jorge Corella 0-0: Fly out, F9 (Flyball, 89S)
Batting: SHB Jin-yong Ch'oe 0-0: Swinging Strike
0-1: Foul Ball, location: 2F
0-2: Ball
1-2: Foul Ball, location: 2F
1-2: Foul Ball, location: 2F
1-2: Foul Ball, location: 2F
1-2: Fly out, F7 (Flyball, 78M)
Batting: LHB David Muller 0-0: Ball
1-0: 2-RUN HOME RUN (Flyball, 78D), Distance : 433 ft
Batting: LHB Spencer Powell 0-0: Ball
1-0: Called Strike
1-1: SINGLE (Line Drive, 34)
Batting: RHB Ryan Faulkner 0-0: Called Strike
0-1: SINGLE (Groundball, 2R) (infield hit)
Spencer Powell to second
Batting: RHB Oki Hai 0-0: Called Strike
0-1: Ball
1-1: DOUBLE (Line Drive, 78M)
Spencer Powell scores
Ryan Faulkner to third
Runner from 3rd tries for Home, SAFE, no throw
Batting: SHB Julián Valentín 0-0: Swinging Strike
0-1: Ball
1-1: Called Strike
1-2: Foul Ball, location: 2F
1-2: Foul Ball, location: 2F
1-2: SINGLE (Line Drive, 4)
Oki Hai to third
Runner from 3rd tries for Home, SAFE, throw made home
Pitching: RHP Hamad Al Fardan
Batting: RHB Todd Albrecht 0-0: Ball
1-0: Called Strike
1-1: Foul Ball, location: 2F
1-2: Foul Ball, location: 2F
1-2: DOUBLE (Flyball, 89D)
Julián Valentín to third
Julián Valentín scores
Batting: LHB José Vázquez 0-0: Foul Ball, location: 2F
0-1: Swinging Strike
0-2: Strikes out looking
Bottom of the 5th over - 6 runs, 7 hits, 0 errors, 1 left on base; Louisiana 0 - Bellevue 6
TOP OF THE 6TH
Louisiana Dragoons batting - Pitching for Bellevue Bruins : RHP Aldo Raine
Batting: LHB Carlos Barrera 0-0: Called Strike
0-1: Ball
1-1: Ball
2-1: Foul Ball, location: 2F
2-2: Foul Ball, location: 2F
2-2: Fly out, F7 (Line Drive, 7S)
Batting: RHB Mike Printup 0-0: Foul Ball, location: 2F
0-1: Foul Ball, location: 2F
0-2: Strikes out swinging
Batting: RHB Pat Lloyd 0-0: Ball
1-0: Fly out, F7 (Flyball, 7LM)
Top of the 6th over - 0 runs, 0 hits, 0 errors, 0 left on base; Louisiana 0 - Bellevue 6
BOTTOM OF THE 6TH
Bellevue Bruins batting - Pitching for Louisiana Dragoons : RHP Hamad Al Fardan
Batting: LHB Jorge Corella 0-0: Called Strike
0-1: Ball
1-1: Fly out, F8 (Flyball, 8RXD)
Batting: SHB Jin-yong Ch'oe 0-0: Ball
1-0: Ball
2-0: Foul Ball, location: 2F
2-1: Ball
3-1: Foul Ball, location: 2F
3-2: Hit by Pitch
Batting: LHB David Muller 0-0: Foul Ball, location: 2F
0-1: Swinging Strike
0-2: Ball
1-2: Ball
2-2: Strikes out swinging
Batting: LHB Spencer Powell 0-0: Foul Ball, location: 2F
0-1: Ball
1-1: Ball
2-1: Swinging Strike
2-2: Foul Ball, location: 2F
2-2: Ball
3-2: Fly out, F8 (Flyball, 78M)
Bottom of the 6th over - 0 runs, 0 hits, 0 errors, 1 left on base; Louisiana 0 - Bellevue 6
TOP OF THE 7TH
Louisiana Dragoons batting - Pitching for Bellevue Bruins : RHP Aldo Raine
Batting: LHB Ken Gill 0-0: Called Strike
0-1: Called Strike
0-2: Ball
1-2: Ball
2-2: Ball
3-2: Base on Balls
Pitching: RHP Brendan Haataja
Batting: SHB Francisco Enríquez 0-0: Called Strike
0-1: Foul Ball, location: 2F
0-2: Foul Ball, location: 2F
0-2: Strikes out swinging
Batting: RHB Hang-ki Chung 0-0: Fly out, F2 (Popup, 23F)
Batting: LHB António Candelária 0-0: Fly out, F6 (Popup, 6MS)
Top of the 7th over - 0 runs, 0 hits, 0 errors, 1 left on base; Louisiana 0 - Bellevue 6
BOTTOM OF THE 7TH
Bellevue Bruins batting - Pitching for Louisiana Dragoons : RHP Hamad Al Fardan
Batting: RHB Ryan Faulkner 0-0: Called Strike
0-1: DOUBLE (Groundball, 5L)
Batting: RHB Oki Hai 0-0: Ball
1-0: Ball
2-0: Called Strike
2-1: Ball
3-1: Foul Ball, location: 2F
3-2: Base on Balls
Batting: SHB Julián Valentín 0-0: Swinging Strike
0-1: Ball
1-1: Fly out, F7 (Line Drive, 7)
Batting: RHB Todd Albrecht 0-0: Ball
1-0: Ball
2-0: Called Strike
2-1: Fly out, F7 (Flyball, 78S)
Batting: LHB José Vázquez 0-0: Ball
1-0: Foul Ball, location: 2F
1-1: Ground out 4-3 (Groundball, 4M)
Bottom of the 7th over - 0 runs, 1 hit, 0 errors, 2 left on base; Louisiana 0 - Bellevue 6
TOP OF THE 8TH
Louisiana Dragoons batting - Pitching for Bellevue Bruins : RHP Brendan Haataja
Batting: RHB Min-gook Ch'oe 0-0: Called Strike
0-1: Ball
1-1: Swinging Strike
1-2: Fly out, F3 (Popup, 34)
Batting: RHB Carlos Amaya 0-0: Ground out 3-1 (Groundball, 34S)
Batting: LHB Carlos Barrera 0-0: Ball
1-0: Swinging Strike
1-1: Ball
2-1: Foul Ball, location: 2F
2-2: Foul Ball, location: 2F
2-2: Ball
3-2: Base on Balls
Batting: RHB Mike Printup 0-0: Called Strike
0-1: Called Strike
0-2: Ball
1-2: Strikes out swinging
Top of the 8th over - 0 runs, 0 hits, 0 errors, 1 left on base; Louisiana 0 - Bellevue 6
BOTTOM OF THE 8TH
Bellevue Bruins batting - Pitching for Louisiana Dragoons : RHP Hamad Al Fardan
Batting: LHB Jorge Corella 0-0: Ball
1-0: Called Strike
1-1: Foul Ball, location: 2F
1-2: Strikes out swinging
Batting: SHB Jin-yong Ch'oe 0-0: Foul Ball, location: 2F
0-1: Foul Ball, location: 2F
0-2: Ball
1-2: Ball
2-2: Ball
3-2: Fly out, F8 (Flyball, 8LM)
Batting: LHB David Muller 0-0: Ball
1-0: Called Strike
1-1: Swinging Strike
1-2: Ball
2-2: Strikes out swinging
Bottom of the 8th over - 0 runs, 0 hits, 0 errors, 0 left on base; Louisiana 0 - Bellevue 6
TOP OF THE 9TH
Louisiana Dragoons batting - Pitching for Bellevue Bruins : RHP Brendan Haataja
Batting: RHB Pat Lloyd 0-0: Ball
1-0: TRIPLE (Line Drive, 8LXD)
Batting: LHB Ken Gill 0-0: Foul Ball, location: 2F
0-1: Ball
1-1: DOUBLE (Line Drive, 89XD)
Pat Lloyd scores
Batting: SHB Francisco Enríquez 0-0: Ball
1-0: Called Strike
1-1: Fly out, F8 (Flyball, 8LM)
Batting: RHB Hang-ki Chung 0-0: Ball
1-0: Called Strike
1-1: Called Strike
1-2: Strikes out swinging
Batting: LHB António Candelária 0-0: Ball
1-0: Ball
2-0: Fly out, F9 (Flyball, 9)
Top of the 9th over - 1 run, 2 hits, 0 errors, 1 left on base; Louisiana 1 - Bellevue 6
Wednesday, September 19th, 2018 - OOTP Baseball 18.8 Build 76